 Dungeon Crawl Stone Soup version 0.29-a0-284-gf9362112df (webtiles) character file.

Game seed: 1203686400862596901

3287 esteth the Thaumaturge (level 10, -7/73 HPs)
             Began as a Djinni Conjurer on Mar 15, 2022.
             Was a Follower of Makhleb.
             Shot with an arrow by a centaur (8 damage)
             ... on level 7 of the Dungeon.
             The game lasted 00:13:44 (7964 turns).

esteth the Thaumaturge (Djinni Conjurer)            Turns: 7964, Time: 00:13:44

Health: -7/73      AC:  5    Str:  6    XL:     10   Next: 20%
Gold:   332        EV: 11    Int: 23    God:    Makhleb [*.....] SH:  5 Dex: 13

rFire   + + .      SeeInvis .   z - +3 quarterstaff (chaos)
rCold   x . .      Faith    .   (shield currently unavailable)
rNeg    . . .      Spirit   .   q - +0 leather armour rPois โˆž Reflect +
                                f - +1 hat
rElec   .          Harm     .   y - +0 cloak
rCorr   .          Rampage  .   (no gloves)
Will    +....                   (boots unavailable)
Stlth   ++........              O - amulet of reflection
HPRegen 0.22/turn               (no ring)
MPRegen 0.00/turn               (no ring)

@: flying
A: sickness immunity, fire resistance 2, cold vulnerability 1, float, innate
caster, HP casting, extra vitality 1
a: Renounce Religion


You were on level 7 of the Dungeon.
You worshipped Makhleb.
Makhleb was aware of your devotion.
You visited 2 branches of the dungeon, and saw 8 of its levels.
You also visited: Ossuary.

You collected 332 gold pieces.


Innate Abilities, Weirdness & Mutations

You are immune to sickness and miasma.
You are immune to poison.
Your flesh is very heat resistant. (rF++)
You are vulnerable to cold. (rC-)
You float through the air rather than walking.
You learn spells naturally, not from books.
Your magical power is your life essence.
You have superior vitality. (+4 MHP)


   Skills:
 + Level 6.3 Fighting
 - Level 2.1 Dodging
 - Level 1.5 Stealth
 * Level 10.0 Spellcasting


You had 6 spell levels left.
You knew the following spells:

 Your Spells              Type           Power      Damage    Failure   Level
c - Corpse Rot            Necr/Air       100%       N/A       1%          2
d - Dazzling Flash        Conj/Hex       100%       N/A       1%          3
f - Fulminant Prism       Conj/Hex       27%        3d14      1%          4
i - Iskenderun's Mystic   Conj/Tloc      55%        2d12      1%          4
l - Summon Lightning Spi  Summ/Air       55%        N/A       1%          4
m - Magic Dart            Conj           100%       1d8       1%          1
s - Searing Ray           Conj           100%       2d8       1%          2
S - Shock                 Conj/Air       100%       1d9       1%          1
X - Scorch                Fire           100%       2d10      1%          2
Your spell library was empty.

Inventory:

Hand Weapons
 z - a +3 quarterstaff of chaos (weapon)
   (You took it off Crazy Yiuf on level 2 of the Dungeon)
Missiles
 d - 2 boomerangs
 g - 182 stones
 k - 28 poisoned darts
 P - 6 javelins
Armour
 a - a +0 ring mail
   (You took it off an orc priest on level 6 of the Dungeon)
 e - a +0 leather armour
   (You took it off an orc on level 6 of the Dungeon)
 f - a +1 hat (worn)
   (You found it on level 1 of the Dungeon)
 h - a +0 crystal plate armour {rare}
   (You found it on level 6 of the Dungeon)
 q - a +0 leather armour (worn)
   (You found it on level 2 of the Dungeon)
 w - a +0 chain mail
   (You found it on level 7 of the Dungeon)
 y - a +0 cloak (worn)
   (You took it off Crazy Yiuf on level 2 of the Dungeon)
Jewellery
 C - a ring of ice
   (You found it on level 2 of the Dungeon)
 O - an amulet of reflection (around neck)
   (You found it on level 5 of the Dungeon)
Wands
 J - a wand of flame (40)
   (You took it off Pikel on level 4 of the Dungeon)
Scrolls
 j - 2 scrolls of noise {unknown}
 r - 2 scrolls of vulnerability {unknown}
 s - 4 scrolls of teleportation {unknown}
 u - 9 scrolls of identify {unknown}
 v - a scroll of enchant armour {unknown}
 x - 3 scrolls of blinking {unknown}
 A - 2 scrolls of torment {unknown}
 B - 2 scrolls of enchant weapon {unknown}
 Q - 4 scrolls of immolation {unknown}
 V - 3 scrolls of amnesia {unknown}
Potions
 b - a potion of curing {@q1}
 c - 2 potions of brilliance {unknown}
 i - 2 potions of attraction {unknown}
 l - 3 potions of heal wounds {unknown}
 m - 2 potions of might {unknown}
 n - 4 potions of degeneration {unknown}
 o - 3 potions of cancellation {unknown}
 p - 2 potions of haste {unknown}
 t - 2 potions of lignification {unknown}
 D - a potion of mutation {unknown}

Dungeon Overview and Level Annotations

Branches:
Dungeon (7/15)             Temple (1/1) D:6         Ossuary (visited)

Altars:
Cheibriados
Dithmenos
Elyvilon
Fedhas
Kikubaaqudgha
Makhleb
Ru
Uskayaw
Vehumet
Xom
Yredelemnul
The Shining One

Annotations:
D:4 exclusion: statue

..... #....#
........##....## ..#
......#.........# ..#
.....##........# . ..#
##......###c.....#....
..
#............ยง........
.#
##.........#..#.#...#.##
.###.#..#....##y.n###.##
# ##.....##.#..##.@##
... ....#..##.#..)...#
...# .#.##.).........##
..## #####)).##......##
.# ##..##........###..
####..)##..............
#.##.)..........###....
...#...###.##..## ...
.#.........#..## ..


You could see a necrophage, a centaur and a killer bee.


Message History

The blast of energy engulfs the killer bee!
The killer bee closely misses you. The killer bee misses you. ๐Ÿ˜จ HP[+1]
The killer bee stings your lightning spire but does no damage.
The killer bee stings you.
* * * LOW HITPOINT WARNING * * *
The killer bee barely misses you. ๐Ÿ˜จ HP[-4]
You take 4 damage, and now have 32/72 hp.
Something stings your lightning spire but does no damage.
The killer bee closely misses you.
The killer bee stings you but does no damage.
The killer bee attacks as you move away!
The killer bee barely misses you.
The killer bee stings something but does no damage.
The killer bee stings you!
* * * LOW HITPOINT WARNING * * *
The killer bee barely misses you. ๐Ÿ˜จ HP[-8]
You take 8 damage, and now have 24/72 hp.
The killer bee barely misses you. The killer bee stings you.
* * * LOW HITPOINT WARNING * * *
Your lightning spire shoots out a bolt of lightning at the killer bee!
The bolt of electricity hits the killer bee!
The killer bee dies!
Makhleb accepts your kill. The killer bee completely misses you.
The killer bee stings you.
* * * LOW HITPOINT WARNING * * *
๐Ÿ˜ฑ HP[-6]
You take 6 damage, and now have 18/72 hp.
It was a potion of curing.
You feel better. The killer bee stings you.
* * * LOW HITPOINT WARNING * * *
You block the killer bee's attack. The killer bee barely misses you.
The killer bee closely misses you. You block the killer bee's attack.
The killer bee misses you. ๐Ÿ˜จ HP[+6]
You regained 6 hp, and now have 24/72 hp.
Casting: Fulminant Prism (dangerous; 1% risk of failure)
Confirm with . or Enter, or press ? or * to list all spells.
You erupt in a blast of force!
The mystic blast hits the centaur.
The centaur is knocked back by the mystic blast.
The mystic blast hits the killer bee!
The killer bee is knocked back by the mystic blast.
The killer bee collides with the centaur!
You kill the killer bee!
Makhleb accepts your kill.
You feel better.
The mystic blast hits the killer bee!
The killer bee is knocked back by the mystic blast.
The killer bee slams into the rock wall!
The mystic blast hits the killer bee!
The killer bee is knocked back by the mystic blast.
* * * LOW HITPOINT WARNING * * *
The killer bee stings you but does no damage.
The centaur shoots an arrow.
The arrow closely misses you.
Your lightning spire shoots out a bolt of lightning at the killer bee!
The bolt of electricity hits the killer bee!
The killer bee dies!
Makhleb accepts your kill.
The necrophage hits your lightning spire but does no damage.
Your Spellcasting skill increases to level 10! ๐Ÿ˜จ HP[-2]
You now have 73 max hp (+1).
You take 2 damage, and now have 22/73 hp.
Casting: Iskenderun's Mystic Blast (dangerous; 1% risk of failure)
Confirm with . or Enter, or press ? or * to list all spells.
Aiming: Fulminant Prism (dangerous; 1% risk of failure)
Press: ? - help, Dir - move target You conjure a prism of explosive energy!
* * * LOW HITPOINT WARNING * * *
A fulminant prism comes into view.
The killer bee closely misses you.
The centaur unwields a +0 shortbow.
The centaur hits your fulminant prism. The centaur kicks your fulminant prism.
The killer bee stings you!
* * * LOW HITPOINT WARNING * * *
๐Ÿ˜ฑ HP[-11]
You take 11 damage, and now have 11/73 hp.
You feel better. The killer bee stings you.
* * * LOW HITPOINT WARNING * * *
The centaur wields a +0 shortbow.
The centaur shoots an arrow.
The arrow hits your fulminant prism! The killer bee stings you.
* * * LOW HITPOINT WARNING * * *
The centaur shoots an arrow.
The arrow hits your fulminant prism!
Your lightning spire shoots out a bolt of lightning at the necrophage!
The bolt of electricity hits the necrophage! ๐Ÿ˜ฑ HP[+2]
You regained 2 hp, and now have 13/73 hp.
You feel better.
Your lightning spire disappears in a puff of smoke!
The killer bee stings you.
* * * LOW HITPOINT WARNING * * *
The killer bee stings you.
* * * LOW HITPOINT WARNING * * *
The centaur shoots an arrow.
The arrow hits you.
* * * LOW HITPOINT WARNING * * *
๐Ÿ˜ฑ HP[-9]
You take 9 damage, and now have 4/73 hp.
You feel better. The killer bee stings you!
* * * LOW HITPOINT WARNING * * *
The centaur shoots an arrow.
The arrow hits you!
You die...

Skill      XL: |  1  2  3  4  5  6  7  8  9 10 |
---------------+-------------------------------+-----
Spellcasting   | 4 5 6 7 8 9 10 | 10.0
Fighting       | 2 3 5 6 |  6.3
Dodging        | |  2.1
Stealth        | |  1.5

Action                   |  1- 3 |  4- 6 |  7- 9 | 10-12 || total
-------------------------+-------+-------+-------+-------++-------
Melee: Unarmed           |     3 |       |       |       ||     3
       Quarterstaff      |       |     5 |    17 |       ||    22
 Cast: Magic Dart        |    90 |    63 |    44 |       ||   197
       Shock             |       |     1 |       |       ||     1
       Searing Ray       |       |     1 |       |       ||     1
       Fulminant Prism   |       |     8 |    18 |     8 ||    34
       Scorch            |       |       |    17 |       ||    17
       Summon Lightning  |       |       |    22 |     5 ||    27
       Iskenderun's Myst |       |       |     2 |     1 ||     3
  Use: Potion            |       |       |       |     4 ||     4
Armor: Robe              |     4 |       |       |       ||     4
       Leather armour    |       |     3 |    29 |     5 ||    37
Dodge: Dodged            |    10 |     9 |    25 |    31 ||    75
Block: Other             |       |       |    11 |     5 ||    16
       Reflection        |       |       |     2 |       ||     2

Levels and vault maps discovered:
D:1:      saegor_arrival_simple_d, layout_loops_ring,
          shapermc_ecumenical_altar_mp_vishouse, nrook_uturn, minmay_lizard_king
D:2:      layout_loops_ring, minmay_tromino_v7, uniq_crazy_yiuf_cottage
D:3:      layout_basic, hangedman_ru_absence, uniq_robin, uniq_grinder
D:4:      layout_loops_ring, vehumet_statue, overflow_temple_1_default,
          uniq_sigmund, uniq_pikel
D:5:      layout_gridville
D:6:      layout_rooms, minmay_temple_entry_glassed_door
D:7:      layout_cave_pools, mainiacjoe_overflow_concentric_impassable,
          nicolae_ossuary_entry_false_entrances, uniq_joseph
Temple:   eino_narrow_crystal_temple

Notes
Turn   | Place    | Note
-------+----------+-------------------------------------------
     0 | D:1      | esteth the Djinni Conjurer began the quest for the Orb.
     0 | D:1      | Reached XP level 1. HP: 15/15 MP: 0/0
     0 | D:1      | magus.rc [v1.11.3]
   230 | D:1      | Reached XP level 2. HP: 14/21 MP: 0/0
   858 | D:1      | Reached XP level 3. HP: 22/25 MP: 0/0
   858 | D:1      | Learned a level 1 spell: Shock
  1172 | D:1      | Found a faded altar of an unknown god.
  1227 | D:1      | Reached skill level 4 in Spellcasting
  2022 | D:2      | Reached XP level 4. HP: 12/31 MP: 0/0
  2423 | D:2      | You are sucked into a shaft and drop 1 floor!
  2926 | D:2      | Found a runed translucent door.
  2927 | D:2      | Noticed Crazy Yiuf
  2935 | D:2      | Killed Crazy Yiuf
  2936 | D:2      | Reached XP level 5. HP: 28/35 MP: 0/0
  2936 | D:2      | Learned a level 2 spell: Corpse Rot
  3043 | D:3      | Found a sacrificial altar of Ru.
  3284 | D:3      | Noticed Grinder
  3295 | D:3      | Killed Grinder
  3296 | D:3      | Reached skill level 5 in Spellcasting
  3296 | D:3      | Reached XP level 6. HP: 33/40 MP: 0/0
  3553 | D:3      | Noticed Robin
  3569 | D:3      | Killed Robin
  3570 | D:3      | Reached skill level 6 in Spellcasting
  4161 | D:4      | Noticed Sigmund
  4169 | D:4      | Killed Sigmund
  4170 | D:4      | Reached XP level 7. HP: 34/45 MP: 0/0
  4170 | D:4      | Learned a level 2 spell: Scorch
  4186 | D:4      | Noticed a steam dragon
  4264 | D:4      | Killed a steam dragon
  4265 | D:4      | Reached skill level 7 in Spellcasting
  4557 | D:4      | Noticed Pikel
  4572 | D:4      | Killed Pikel
  4573 | D:4      | Reached skill level 2 in Fighting
  4573 | D:4      | Reached XP level 8. HP: 34/55 MP: 0/0
  4714 | D:4      | Reached skill level 3 in Fighting
  5026 | D:4      | Reached skill level 8 in Spellcasting
  5405 | D:5      | Entered Level 5 of the Dungeon
  5408 | D:5      | Reached XP level 9. HP: 57/61 MP: 0/0
  5408 | D:5      | Learned a level 4 spell: Summon Lightning Spire
  5609 | D:5      | Reached skill level 4 in Fighting
  5763 | D:5      | Noticed a kobold demonologist
  5774 | D:5      | Noticed a sun demon
  5775 | D:5      | Killed a kobold demonologist
  6523 | D:6      | Reached skill level 9 in Spellcasting
  6568 | D:6      | Reached skill level 5 in Fighting
  6781 | D:6      | Found a staircase to the Ecumenical Temple.
  6790 | Temple   | Entered the Ecumenical Temple
  6796 | Temple   | Became a worshipper of Makhleb the Destroyer
  6868 | D:6      | Identified a +0 crystal plate armour
  6869 | D:6      | h - a +0 crystal plate armour {rare}
  7185 | D:7      | Found a sand-covered staircase.
  7253 | Ossuary  | Entered an ossuary
  7430 | Ossuary  | Reached * piety under Makhleb
  7556 | Ossuary  | Reached XP level 10. HP: 65/72 MP: 0/0
  7697 | Ossuary  | Reached skill level 6 in Fighting
  7958 | D:7      | HP: 18/72 [killer bee (3)]
  7961 | D:7      | Reached skill level 10 in Spellcasting
  7963 | D:7      | HP: 14/73 [killer bee (6)]
  7963 | D:7      | HP: 4/73 [centaur/arrow (5)]
  7964 | D:7      | HP: 1/73 [killer bee (8)]
  7964 | D:7      | Shot with an arrow by a centaur

Vanquished Creatures
  Pikel (D:4)
  Grinder (D:3)
  Sigmund (D:4)
  A steam dragon (D:4)
  A black bear (D:5)
  A centaur (D:4)
  A phantom (D:5)
  A lemure (D:4)
  2 necrophages
  4 scorpions
  A killer bee (D:7)
  A jelly (D:6)
  An orc priest (D:6)
  Crazy Yiuf (D:2)
  An iguana (D:4)
  2 orc wizards
  3 scorpion zombies (Ossuary)
  Robin (D:3)
  3 gnolls (D:4)
  4 adders
  An ufetubus (D:4)
  5 worms
  2 dart slugs
  8 orcs
  5 endoplasms
  2 giant cockroaches
  A gnoll zombie (Ossuary)
  13 goblins
  14 hobgoblins
  2 jackals (D:3)
  9 kobolds
  4 quokkas
  4 ball pythons
  5 bats
  8 frilled lizards
  A goblin zombie (Ossuary)
  2 hobgoblin zombies (Ossuary)
  8 rats
126 creatures vanquished.

Vanquished Creatures (collateral kills)
  A kobold demonologist (D:5)
  2 phantoms
  A kobold brigand (D:7)
  6 scorpions (Ossuary)
  2 killer bees (D:7)
  2 centaur zombies (Ossuary)
  A hound (D:6)
  A human zombie (Ossuary)
  3 iguanas (D:5)
  An orc wizard (D:6)
  3 scorpion zombies (Ossuary)
  3 mummies (Ossuary)
  An adder (D:6)
  An ufetubus (D:6)
  6 orcs
  3 goblin zombies (Ossuary)
  A hobgoblin zombie (Ossuary)
  4 kobolds (D:7)
  An orc zombie (Ossuary)
43 creatures vanquished.

Vanquished Creatures (others)
  34 fulminant prisms
  A plant (D:1)
35 creatures vanquished.

Grand Total: 204 creatures vanquished

Table legend:
 A = Non-vault XP
 B = Vault XP
 C = Vault XP percentage of total XP
 D = Non-vault monster count
 E = Vault monster count
 F = Vault count percentage of total count
                 A         B        C        D         E       F
            +---------+---------+-------+---------+---------+-------
      Total |    2315 |    2382 |  50.7 |     114 |      54 |  32.1
            +---------+---------+-------+---------+---------+-------
        D:1 |      48 |       6 |  11.1 |      27 |       6 |  18.2
        D:2 |      47 |      46 |  49.5 |      13 |       3 |  18.8
        D:3 |      46 |     300 |  86.7 |      14 |      13 |  48.1
        D:4 |     488 |     886 |  64.5 |      17 |       2 |  10.5
        D:5 |     856 |       0 |   0.0 |      14 |       0 |   0.0
        D:6 |     439 |       0 |   0.0 |      17 |       0 |   0.0
        D:7 |     391 |       0 |   0.0 |      12 |       0 |   0.0
    Ossuary |       0 |    1144 | 100.0 |       0 |      30 | 100.0
            +---------+---------+-------+---------+---------+-------

Illustrated notes

Table legend:
 A = Kills in this place as a percentage of kills in entire the game.
 B = Kills by you in this place as a percentage of kills by you in the entire game.
 C = Kills by friends in this place as a percentage of kills by friends in the entire game.
 D = Other kills in this place as a percentage of other kills in the entire game.
 E = Experience gained in this place as a percentage of experience gained in the entire game.
 F = Experience gained in this place divided by the number of levels of this place that you have seen.
                   A       B       C       D       E      F
               +-------+-------+-------+-------+-------+----------------------
         Total | 100.0 | 100.0 | 100.0 |   N/A | 100.0 | 521.9
       Dungeon |  82.1 |  92.0 |  53.5 |   N/A |  75.6 | 507.6
       Ossuary |  17.9 |   8.0 |  46.5 |   N/A |  24.4 | 1144.0
               +-------+-------+-------+-------+-------+----------------------

Table legend: (Time is in decaauts)
 A = Elapsed time spent in this place.
 B = Non-inter-level travel time spent in this place.
 C = Inter-level travel time spent in this place.
 D = Time resting spent in this place.
 E = Time spent auto-exploring this place.
 F = Levels seen in this place.
 G = Mean time per level.
                   A        B        C        D        E       F      G
               +--------+--------+--------+--------+--------+-----+--------+
         Total |   7969 |   7770 |    199 |    507 |   6209 |   9 |  885.4 |
       Dungeon |   7316 |   7125 |    191 |    507 |   5790 |   7 | 1045.1 |
        Temple |     26 |     18 |      8 |      0 |      6 |   1 |   26.0 |
       Ossuary |    626 |    626 |      0 |      0 |    413 |   1 |  626.0 |
               +--------+--------+--------+--------+--------+-----+--------+

Top non-repeatable levels by time:
     D:1: 1684 daAuts
     D:4: 1425 daAuts
     D:2: 1241 daAuts
     D:3: 1054 daAuts
     D:6: 943 daAuts
     D:5: 786 daAuts
 Ossuary: 626 daAuts
     D:7: 180 daAuts
  Temple: 26 daAuts
